 Dungeon Crawl Stone Soup version 0.27-a0-341-g40fdf68bc5 (webtiles) character file.

Game seed: 14466777646476862861

35 EnegeticOcto the Digger (level 3, -9/21 HPs)
             Began as a Halfling Earth Elementalist on Feb 14, 2021.
             Mangled by an orc
             ... wielding a +0 war axe
              (12 damage)
             ... on level 3 of the Dungeon.
             The game lasted 00:02:33 (462 turns).

EnegeticOcto the Digger (HaEE)                       Turns: 462, Time: 00:02:33

Health: -9/21      AC:  2    Str:  9    XL:     3   Next: 52%
Magic:  2/5        EV: 15    Int: 14    God:
Gold:   77         SH:  0    Dex: 14    Spells: 1/5 levels left

rFire    . . .     SeeInvis .   i - +0 short sword
rCold    . . .     Faith    .   (shield restricted)
rNeg     + . .     Spirit   .   c - +0 robe
rPois    .         Reflect  .   (no helmet)
rElec    .         Harm     .   (no cloak)
rCorr    .         Rampage  .   (no gloves)
Will     .....                  (no boots)
Stlth    ++........             (no amulet)
HPRegen  0.07/turn              k - ring of positive energy
MPRegen  0.09/turn              (no ring)

@: no status effects
A: small, mutation resistance 1
a: no special abilities


You were on level 3 of the Dungeon.
You visited 1 branch of the dungeon, and saw 3 of its levels.

You collected 77 gold pieces.

Inventory:

Hand Weapons
 d - a +0 dagger
   (You took it off a goblin on level 1 of the Dungeon)
 i - a +0 short sword (weapon)
   (You found it on level 1 of the Dungeon)
Missiles
 b - 28 stones
Armour
 c - a +0 robe (worn)
Jewellery
 k - a ring of positive energy (left hand)
   (You found it on level 3 of the Dungeon)
Scrolls
 e - 2 scrolls of immolation {unknown}
 f - a scroll of teleportation {unknown}
 g - a scroll of enchant weapon {unknown}
 h - 2 scrolls of identify {unknown}
Potions
 a - a potion of attraction {unknown}
 j - a potion of cancellation {unknown}


   Skills:
 - Level 2.1 Dodging
 - Level 2.1 Stealth
 - Level 1.5 Spellcasting
 + Level 1.0 Conjurations
 - Level 0.5 Transmutations
 - Level 4.0 Earth Magic


You had one spell level left.
You knew the following spells:

 Your Spells              Type           Power        Failure   Level
a - Sandblast             Erth           24%          4%          1
b - Stone Arrow           Conj/Erth      16%          26%         3

Your spell library contained the following spells:

 Spells                   Type           Power        Failure   Level
 Passwall                 Tmut/Erth      5%           16%         2
 Petrify                  Tmut/Erth      7%           69%         4
 Lee's Rapid Deconstruct  Erth           6%           78%         5


Dungeon Overview and Level Annotations

Branches:
Dungeon (3/15)

Altars:


Innate Abilities, Weirdness & Mutations

You are small and have problems with some larger weapons.
You are somewhat resistant to further mutation.


Message History

There is a stone staircase leading up here.
Found a stone staircase leading down.
Found a scroll labelled YNGUFUA TEYSUO.
You open the door.
Found 11 gold pieces.
There is an open door here.
Found a stone staircase leading down.
You now have 55 gold pieces (gained 11).
Found 17 gold pieces.
Found 5 gold pieces.
h - 2 scrolls labelled YNGUFUA TEYSUO (gained 1)
A kobold comes into view.
A quokka comes into view.
The kobold shouts!
The quokka moves out of view.
Casting: Sandblast (safe; 4% risk of failure)
Confirm with . or Enter, or press ? or * to list all spells.
Aiming: Sandblast (safe; 4% risk of failure)
Press: ? - help, Shift-Dir - straight line, f - kobold
Aim: a kobold (26% to evade)
The blast of sand misses the kobold.
The kobold hits you but does no damage.
Casting: Sandblast (safe; 4% risk of failure)
Confirm with . or Enter, or press ? or * to list all spells.
Aiming: Sandblast (safe; 4% risk of failure)
Press: ? - help, Shift-Dir - straight line, f/p - kobold
Aim: a kobold (26% to evade)
The blast of sand hits the kobold!
You kill the kobold!
Your Conjurations skill increases to level 1!
Casting: Sandblast (safe; 4% risk of failure)
Confirm with . or Enter, or press ? or * to list all spells.
Aiming: Sandblast (safe; 4% risk of failure)
Press: ? - help, Shift-Dir - straight line, f - quokka
Aim: a quokka (29% to evade)
The blast of sand hits the quokka!
You kill the quokka!
You now have 72 gold pieces (gained 17).
You see here a kobold corpse.
You now have 77 gold pieces (gained 5).
You see here a quokka corpse.
Found a knobbly diamond ring.
k - a knobbly diamond ring
k - a ring of positive energy (left hand)
An orc comes into view. It is wielding a +0 war axe.
The orc shouts!
Casting: Sandblast (safe; 4% risk of failure)
Confirm with . or Enter, or press ? or * to list all spells.
Aiming: Sandblast (safe; 4% risk of failure)
Press: ? - help, Shift-Dir - straight line, f - orc
Aim: an orc, wielding a +0 war axe and wearing a +0 scale mail (18% to evade)
The blast of sand hits the orc.
The orc is heavily wounded.
You hit the orc but do no damage.
The orc is moderately wounded.
The orc hits you with a +0 war axe.
You hit the orc but do no damage.
The orc is moderately wounded.
The orc closely misses you.
Casting: Sandblast (safe; 4% risk of failure)
Confirm with . or Enter, or press ? or * to list all spells.
Aiming: Sandblast (safe; 4% risk of failure)
Press: ? - help, Shift-Dir - straight line, f/p - orc
Aim: an orc, wielding a +0 war axe and wearing a +0 scale mail (moderately wounded, 18% to evade)
The blast of sand hits the orc but does no damage.
The orc is moderately wounded.
The orc hits you with a +0 war axe.
You hit the orc.
The orc is heavily wounded.
You hit the orc but do no damage.
The orc is heavily wounded.
The orc hits you with a +0 war axe!
* * * LOW HITPOINT WARNING * * *
You hit the orc.
The orc is almost dead.
The orc barely misses you.
You closely miss the orc.
The orc is almost dead.
The orc closely misses you.
You hit the orc but do no damage.
The orc is severely wounded.
The orc hits you with a +0 war axe.
* * * LOW HITPOINT WARNING * * *
Casting: Sandblast (safe; 4% risk of failure)
Confirm with . or Enter, or press ? or * to list all spells.
Aiming: Sandblast (safe; 4% risk of failure)
Press: ? - help, Shift-Dir - straight line, f/p - orc
Aim: an orc, wielding a +0 war axe and wearing a +0 scale mail (severely wounded, 18% to evade)
The blast of sand hits the orc but does no damage.
The orc is severely wounded.
The orc misses you.
Press: ? - help, v - describe, . - travel
Here: an orc, wielding a +0 war axe and wearing a +0 scale mail (severely wounded)
The floor.
Unknown command.
You closely miss the orc.
The orc is severely wounded.
The orc hits you with a +0 war axe!
Ouch! That really hurt!
You die...

..#.#.#........# ..# #
#.#†.....# ####.#
#.##†....# #.....
.#.##.....###
####....###.#.##........
........#.. #.##.....###
.....^..#.# #.#...####
....#...#.###.#....#
.......o@........>.#
......#...###......#
##### ##### ####...##
#.#..# #######.#..#
#.......##.##
#.##.....#..###
#.#......'....##
#........##.....


You could see an orc.

Vanquished Creatures
  2 adders (D:2)
  2 giant cockroaches
  A goblin (D:1)
  4 hobgoblins (D:1)
  A kobold (D:3)
  A quokka (D:3)
  2 bats (D:1)
  2 rats (D:1)
15 creatures vanquished.

Notes
Turn   | Place    | Note
-------+----------+-------------------------------------------
     0 | D:1      | EnegeticOcto the Halfling Earth Elementalist began the
                  | quest for the Orb.
     0 | D:1      | Reached XP level 1. HP: 11/11 MP: 3/3
    94 | D:1      | Reached XP level 2. HP: 8/17 MP: 4/4
   291 | D:2      | Reached skill level 4 in Earth Magic
   291 | D:2      | Reached XP level 3. HP: 14/21 MP: 3/5
   295 | D:2      | Learned a level 3 spell: Stone Arrow
   428 | D:3      | Reached skill level 1 in Conjurations
   462 | D:3      | Mangled by an orc

Illustrated notes

Levels and vault maps discovered:
D:1:      sevenhm_arrival_forest_fort_small_3, layout_basic
D:2:      layout_basic, lemuel_round_altar, uniq_crazy_yiuf_cottage
D:3:      layout_basic

Skill      XL: |  1  2  3 |
---------------+----------+-----
Earth Magic    | 4 |  4.0
Conjurations   | 1 |  1.0
Dodging        | |  2.1
Stealth        | |  2.1
Spellcasting   | |  1.5
Transmutations | |  0.5

Action                   || total
-------------------------++-------
Melee: Unarmed           ||    11
       Dagger            ||    10
       Short sword       ||    15
 Cast: Sandblast         ||    21
 Stab: Sleeping          ||     1
Armor: Robe              ||     8
Dodge: Dodged            ||    25

Table legend: (Time is in decaauts)
 A = Elapsed time spent in this place.
 B = Non-inter-level travel time spent in this place.
 C = Inter-level travel time spent in this place.
 D = Time resting spent in this place.
 E = Time spent auto-exploring this place.
 F = Levels seen in this place.
 G = Mean time per level.
                   A        B        C        D        E       F      G
               +--------+--------+--------+--------+--------+-----+--------+
         Total |    461 |    455 |      6 |      0 |      0 |   3 |  153.7 |
       Dungeon |    461 |    455 |      6 |      0 |      0 |   3 |  153.7 |
               +--------+--------+--------+--------+--------+-----+--------+

Top non-repeatable levels by time:
     D:1: 259 daAuts
     D:2: 120 daAuts
     D:3: 82 daAuts
